Map: Jagannatha LE

Players

BratOK (Brat_OK) - Winner!

  • Race: Terran Terran
  • League: Grandmaster

milkicow

  • Race: Terran Terran
  • League: Grandmaster

Event: DreamHack SC2 Masters 2021 Summer

VOD

Have the link to the VOD?

Description

Time

  • Played on: May 21, 2021, 11:39 a.m.
  • Length: 21:13

All games in this series

Show
View Real Time Build Order
Export as new Build Order

BratOK Terran - Winner!

Build Orders: Mech 

Get SALT Encoding   

  12  0:00  SCV  
  13  0:12  SCV  
  14  0:17  Supply Depot  
  14  0:24  SCV  
  15  0:38  SCV  
  15  0:40  Barracks  
  16  0:44  Refinery  
  16  0:51  SCV  
  16  0:53  Refinery  
  17  1:03  SCV  
  18  1:15  SCV  
  19  1:27  Barracks Reactor, Orbital Command  
  19  1:29  Supply Depot  
  19  1:41  Factory  
  19  1:53  SCV  
  20  2:04  Reaper x2  
  20  2:05  SCV  
  23  2:17  SCV  
  24  2:24  Hellion  
  26  2:31  Command Center  
  26  2:32  Supply Depot  
  26  2:36  Reaper  
  27  2:37  Reaper  
  27  2:44  SCV  
  27  2:47  Hellion  
  30  2:56  SCV  
  31  3:01  Starport  
  31  3:08  SCV  
  32  3:16  Factory Tech Lab  
  31  3:22  Marine x2  
  31  3:23  SCV  
  34  3:37  Cyclone  
  34  3:38  Starport Tech Lab  
  34  3:39  SCV  
  34  3:41  Marine  
  34  3:56  Orbital Command  
  34  3:58  Refinery  
  34  4:03  Banshee, Marine  
  34  4:04  Marine  
  34  4:08  SCV  
  40  4:11  Cyclone  
  43  4:20  SCV  
  43  4:22  Marine x2  
  46  4:24  Supply Depot  
  46  4:26  SCV  
  47  4:35  SCV  
  48  4:40  Marine x2  
  48  4:41  Supply Depot  
  50  4:46  Siege Tank  
  50  4:49  Raven  
  55  4:55  SCV  
  55  4:57  Marine  
  55  4:58  Marine  
  58  5:06  SCV  
  59  5:12  Command Center  
  59  5:13  SCV  
  58  5:25  SCV x2  
  60  5:30  Siege Tank  
  63  5:39  SCV x2  
  65  5:51  SCV x2  
  65  5:53  Refinery  
  65  5:56  Viking  
  69  6:03  SCV  
  70  6:14  Supply Depot  
  70  6:17  SCV x2, Siege Tank  
  75  6:19  Factory  
  75  6:28  Barracks Reactor, Viking  
  75  6:29  SCV  
  75  6:31  SCV  
  79  6:37  Orbital Command  
  77  6:49  Siege Tank  
  77  6:50  SCV x2  
  82  7:02  SCV x2, Viking x2  
  82  7:04  SCV  
  89  7:14  SCV, Factory  
  89  7:21  Siege Tank  
  89  7:22  Hellion x2  
  96  7:28  SCV x2  
  96  7:35  Viking x2  
  100  7:37  SCV  
  101  7:44  Supply Depot  
  101  7:45  Supply Depot  
  101  7:46  Engineering Bay  
  101  7:56  Armory  
  101  7:57  Armory  
  101  8:01  Refinery  
  101  8:03  SCV  
  101  8:06  SCV x2, Siege Tank  
  106  8:16  SCV  
  106  8:18  SCV x2  
  109  8:21  Refinery  
  109  8:22  Supply Depot  
  109  8:25  Supply Depot  
  109  8:28  SCV  
  109  8:29  Missile Turret  
  109  8:30  Missile Turret  
  110  8:38  Liberator x2  
  110  8:39  SCV x2  
  116  8:48  Missile Turret  
  116  8:49  Missile Turret  
  116  8:52  Siege Tank  
  116  8:53  Siege Tank  
  119  9:04  Hellion  
  119  9:09  SCV x2  
  122  9:12  Supply Depot  
  122  9:13  Supply Depot  
  122  9:14  Infernal Pre-Igniter  
  122  9:15  Terran Vehicle And Ship Armor Level 1, Terran Vehicle Weapons Level 1  
  121  9:25  Siege Tank  
  121  9:28  Viking x2  
  128  9:32  Hellion, Siege Tank  
  128  9:34  Hellion, Supply Depot  
  135  9:41  SCV  
  134  9:47  Command Center  
  134  9:56  SCV  
  134  9:57  SCV x2  
  137  10:08  SCV  
  137  10:09  SCV x2  
  137  10:14  Missile Turret, Supply Depot  
  140  10:17  Missile Turret, Supply Depot  
  140  10:21  SCV x3  
  142  10:24  Supply Depot x2  
  142  10:31  Widow Mine x3  
  142  10:33  SCV x3  
  144  10:45  SCV x3  
  138  10:52  Missile Turret  
  138  10:53  Missile Turret  
  138  10:56  Hellion x2, Siege Tank  
  145  10:57  SCV  
  145  11:01  SCV x2  
  146  11:13  Refinery, Factory  
  146  11:15  Refinery, Factory  
  146  11:16  Sensor Tower  
  146  11:21  Missile Turret x2  
  146  11:22  Planetary Fortress, Missile Turret  
  146  11:24  Terran Vehicle And Ship Armor Level 2, Terran Vehicle Weapons Level 2  
  146  11:26  Drilling Claws  
  146  11:33  SCV x2  
  146  11:36  Viking x2  
  152  11:40  Hellion x3  
  152  11:41  Hellion  
  156  11:49  SCV, Missile Turret  
  156  11:51  Missile Turret  
  157  11:59  Factory Tech Lab, Factory Reactor, Missile Turret  
  157  12:01  Missile Turret  
  157  12:05  Missile Turret  
  157  12:07  Missile Turret  
  157  12:08  Viking, Siege Tank x2  
  163  12:09  Hellion x2, Viking  
  163  12:14  Starport  
  169  12:16  Starport  
  167  12:36  Siege Tank  
  167  12:37  Widow Mine x3  
  176  12:40  Siege Tank  
  179  12:44  Command Center  
  179  12:45  Hellion x2  
  179  12:50  Missile Turret x2  
  179  12:53  Starport Reactor x2  
  179  12:56  Hi-Sec Auto Tracking  
  179  13:15  Command Center  
  179  13:17  Viking x2  
  183  13:29  Supply Depot  
  183  13:31  Supply Depot  
  183  13:33  Thor x2  
  195  13:35  Command Center  
  195  13:41  Terran Vehicle And Ship Armor Level 3  
  195  13:42  Terran Ship Weapons Level 1  
  195  13:45  Smart Servos  
  195  13:47  Hellion x3, Viking  
  193  14:01  Hellion, Siege Tank  
  198  14:14  Hellion  
  198  14:16  Siege Tank  
  199  14:23  Hellion x2, Siege Tank  
  180  14:33  Orbital Command, Siege Tank  
  180  14:35  Hellion  
  180  14:36  Hellion, Command Center, Viking  
  183  14:44  Hellion  
  183  14:45  Hellion  
  184  14:48  Siege Tank  
  183  14:55  Hellion  
  183  14:59  Viking  
  127  15:00  Viking x4  
  177  15:04  Planetary Fortress  
  177  15:05  Siege Tank  
  177  15:06  Viking  
  190  15:10  Refinery  
  190  15:29  Viking  
  192  15:36  Terran Vehicle Weapons Level 3, Viking x2  
  190  15:46  Refinery  
  190  15:48  Refinery  
  188  15:50  Orbital Command  
  179  16:10  Missile Turret  
  179  16:11  Missile Turret x2  
  168  16:18  Terran Ship Weapons Level 2  
  165  16:34  Widow Mine, Siege Tank x2  
  165  16:35  Widow Mine  
  165  16:37  Sensor Tower  
  165  16:38  Missile Turret  
  175  16:49  Viking x2  
  179  16:59  Siege Tank  
  180  17:06  Siege Tank  
  180  17:07  Planetary Fortress  
  183  17:11  Viking x2  
  183  17:12  Viking  
  183  17:14  Neosteel Armor  
  189  17:37  Command Center  
  189  17:45  Command Center  
  189  17:53  Viking x5  
  199  18:08  Missile Turret x4  
  199  18:11  Starport  
  199  18:12  Starport  
  199  18:16  Mag-Field Accelerator  
  190  18:20  Viking  
  190  18:23  Viking x4  
  190  18:25  Missile Turret  
  200  18:37  Missile Turret  
  200  18:40  Missile Turret  
  199  18:49  Starport Tech Lab  
  199  18:50  Starport Tech Lab  
  185  19:04  Viking x6  
  183  19:25  Siege Tank x2  
  183  19:26  Widow Mine x2, Siege Tank  
  188  19:32  Refinery  
  188  19:34  Viking  
  188  19:36  Corvid Reactor, Viking x2  
  194  19:48  Widow Mine  
  194  19:49  Widow Mine x2  
  200  20:15  Planetary Fortress  
  200  20:20  Siege Tank  
  191  20:31  Siege Tank  
  191  20:32  Siege Tank  
  195  20:36  Widow Mine  
  193  20:47  Hellion x2  
  193  20:49  Hellion  
Show
View Real Time Build Order
Export as new Build Order

milkicow Terran 

Build Orders:  

Get SALT Encoding   

  12  0:00  SCV  
  13  0:13  SCV  
  14  0:17  Supply Depot  
  14  0:25  SCV  
  15  0:39  SCV  
  15  0:41  Barracks  
  16  0:45  Refinery  
  16  0:51  SCV  
  16  0:54  Refinery  
  17  1:03  SCV  
  18  1:15  SCV  
  19  1:29  Reaper, Orbital Command  
  19  1:30  Supply Depot  
  20  1:45  Factory  
  20  1:54  SCV  
  21  2:01  Reaper  
  21  2:07  SCV  
  23  2:22  Command Center  
  23  2:26  SCV  
  24  2:31  Hellion  
  26  2:37  Barracks Reactor  
  26  2:42  SCV  
  26  2:51  Starport  
  26  2:52  Widow Mine  
  26  2:56  SCV, Supply Depot  
  29  3:10  SCV  
  29  3:16  Marine x2  
  30  3:22  Factory Tech Lab  
  30  3:23  SCV  
  29  3:34  Viking  
  29  3:35  SCV  
  30  3:47  SCV  
  25  3:57  Marine  
  25  4:00  Siege Tank  
  29  4:04  SCV  
  29  4:09  Marine  
  30  4:16  SCV  
  31  4:17  Marine  
  32  4:24  Medivac  
  32  4:28  SCV  
  35  4:38  Orbital Command  
  35  4:47  Siege Tank  
  35  4:48  SCV  
  39  4:54  Marine x2  
  41  5:03  SCV  
  41  5:05  SCV  
  39  5:12  Marine, Viking  
  42  5:16  SCV  
  42  5:18  SCV  
  44  5:25  Marine  
  44  5:28  SCV  
  46  5:30  SCV, Marine  
  46  5:40  SCV  
  46  5:42  SCV  
  47  5:43  Marine  
  47  5:47  Marine  
  47  5:50  Siege Tank  
  47  5:52  SCV  
  51  5:58  SCV  
  51  6:01  Marine  
  51  6:03  Supply Depot  
  53  6:04  SCV  
  54  6:19  Supply Depot  
  54  6:24  SCV, Marine x2  
  54  6:25  SCV  
  56  6:31  Command Center  
  56  6:36  SCV  
  56  6:37  SCV  
  58  6:48  SCV  
  58  6:49  SCV, Supply Depot  
  58  6:52  Barracks  
  63  6:54  Siege Tank  
  63  6:55  Barracks  
  63  7:00  SCV  
  65  7:01  SCV  
  65  7:05  Refinery  
  65  7:12  Supply Depot  
  65  7:13  SCV  
  65  7:14  SCV  
  65  7:15  Starport Tech Lab  
  66  7:25  SCV  
  66  7:26  SCV, Marine x2  
  66  7:29  Engineering Bay, Siege Tank  
  70  7:30  Engineering Bay  
  71  7:37  SCV  
  71  7:38  SCV  
  71  7:42  Barracks Tech Lab  
  71  7:44  Orbital Command  
  72  7:46  Marine  
  72  7:47  Starport Reactor  
  72  7:48  Refinery  
  72  7:49  SCV, Marine, Stimpack  
  72  7:50  Marauder  
  77  7:53  SCV  
  77  7:57  Terran Infantry Armor Level 1, Terran Infantry Weapons Level 1  
  78  8:01  Marauder  
  78  8:04  Siege Tank  
  83  8:08  SCV  
  83  8:10  SCV  
  83  8:12  Orbital Command, Missile Turret  
  85  8:16  Marine  
  85  8:17  Marauder  
  85  8:18  Combat Shield  
  88  8:21  SCV  
  88  8:22  SCV  
  88  8:23  Supply Depot  
  88  8:24  Marine  
  91  8:27  Marauder  
  91  8:33  Medivac  
  95  8:34  Marine  
  95  8:38  Marauder, Medivac  
  95  8:40  SCV  
  101  8:44  SCV x2  
  101  8:45  Supply Depot  
  101  8:46  Supply Depot  
  102  8:49  Marauder  
  102  8:52  SCV  
  102  8:54  Marine  
  106  8:56  SCV x2  
  106  9:00  Marauder  
  106  9:02  Armory  
  108  9:04  SCV  
  108  9:07  Supply Depot  
  108  9:08  SCV, Supply Depot  
  108  9:09  SCV  
  111  9:10  Marauder  
  111  9:16  SCV, Siege Tank  
  117  9:18  Marine  
  117  9:21  SCV, Marauder  
  117  9:23  SCV  
  122  9:28  SCV  
  123  9:31  Marauder, Command Center, Supply Depot  
  123  9:36  Supply Depot  
  125  9:39  SCV x2  
  125  9:40  Marine  
  125  9:42  Marauder  
  130  9:47  Missile Turret, Medivac x2  
  128  9:54  Terran Infantry Weapons Level 2  
  128  9:56  SCV, Concussive Shells  
  128  9:59  Marine  
  129  10:00  Marine  
  129  10:01  SCV x2  
  129  10:02  Marauder  
  129  10:03  Marine  
  129  10:05  Supply Depot  
  129  10:06  Barracks  
  136  10:07  Barracks  
  136  10:10  Terran Infantry Armor Level 2  
  136  10:11  Refinery  
  136  10:12  Refinery  
  136  10:13  SCV  
  137  10:17  Marine  
  137  10:18  Marine  
  137  10:19  SCV  
  137  10:21  SCV  
  138  10:22  Marauder  
  138  10:24  Marauder  
  138  10:26  SCV  
  140  10:31  SCV  
  140  10:35  SCV, Marine  
  142  10:37  Marine  
  142  10:38  SCV, Siege Tank  
  148  10:43  Marauder  
  148  10:49  Marauder  
  149  10:53  Marine  
  149  10:55  SCV x2  
  149  10:56  SCV  
  153  11:01  Supply Depot  
  153  11:03  Marine  
  154  11:04  Marauder  
  154  11:07  SCV  
  154  11:11  Medivac x2  
  159  11:12  SCV  
  159  11:14  Barracks Tech Lab  
  159  11:16  Starport, Barracks Tech Lab  
  161  11:19  Starport, Planetary Fortress  
  161  11:21  Missile Turret  
  161  11:22  SCV  
  161  11:25  SCV, Missile Turret  
  163  11:26  Missile Turret  
  163  11:27  Marauder  
  163  11:29  Marauder  
  163  11:31  SCV  
  168  11:35  Siege Tank  
  168  11:36  Marauder  
  173  11:40  Marine  
  173  11:41  SCV  
  173  11:44  SCV, Marine  
  173  11:45  SCV  
  179  11:49  Marauder, Terran Ship Weapons Level 1  
  179  11:51  Marauder  
  183  11:56  Starport Reactor x2  
  181  12:02  Command Center  
  180  12:09  Marine  
  180  12:10  Marauder  
  180  12:11  Marine  
  180  12:12  Marauder  
  186  12:18  Command Center  
  186  12:19  Terran Infantry Weapons Level 3  
  186  12:20  Command Center  
  185  12:23  Refinery x2  
  185  12:24  Supply Depot  
  185  12:26  Supply Depot  
  187  12:43  Supply Depot x2  
  188  12:44  Command Center  
  188  12:45  SCV  
  188  12:46  Viking x2  
  188  12:47  Viking x2  
  193  12:52  Armory  
  193  12:54  Fusion Core  
  191  13:07  Command Center  
  191  13:16  Orbital Command  
  191  13:20  Missile Turret  
  191  13:24  SCV  
  191  13:26  Missile Turret  
  193  13:28  Viking x4  
  193  13:32  Orbital Command  
  193  13:33  Command Center  
  200  13:41  Terran Infantry Armor Level 3  
  200  13:42  Advanced Ballistics  
  200  13:47  Terran Ship Weapons Level 2, Terran Vehicle And Ship Armor Level 1  
  200  13:51  Missile Turret  
  198  13:56  Viking x2  
  198  13:57  Orbital Command  
  198  13:58  Viking  
  200  14:12  Missile Turret  
  200  14:21  Marine  
  200  14:22  Marauder x2, Marine  
  190  14:27  Viking x3  
  190  14:28  Viking  
  190  14:30  Viking  
  200  14:36  Orbital Command  
  200  14:37  Planetary Fortress  
  200  14:40  Refinery x2  
  200  14:41  Missile Turret  
  200  14:42  Missile Turret  
  200  14:52  Viking  
  193  14:57  Viking  
  160  15:00  Viking x2  
  160  15:01  Marauder, Marine x3, Siege Tank  
  160  15:02  Marauder x2  
  176  15:17  Viking  
  176  15:19  Marine  
  176  15:20  Marauder  
  181  15:24  Marauder, Marine  
  181  15:27  Viking  
  186  15:29  Neosteel Armor  
  186  15:30  Viking  
  186  15:38  Marine  
  186  15:39  Marauder  
  186  15:40  Missile Turret  
  177  16:09  Marauder  
  177  16:10  Marauder x2  
  183  16:12  Marauder  
  183  16:17  Marine  
  186  16:19  Liberator  
  186  16:20  Liberator x2  
  189  16:28  Marine  
  189  16:31  Marauder, Siege Tank  
  194  16:41  Medivac  
  189  16:52  Liberator x2  
  185  16:55  Terran Vehicle And Ship Armor Level 2  
  185  17:12  Liberator  
  187  17:30  Planetary Fortress  
  187  17:33  Missile Turret  
  178  17:49  Orbital Command  
  180  17:51  Marauder  
  180  17:53  Marauder, Marine  
  180  17:54  Liberator  
  186  18:02  SCV  
  186  18:05  Marauder, Marine  
  185  18:08  SCV  
  186  18:13  Marauder, Marine  
  186  18:16  Refinery x2  
  186  18:17  Missile Turret  
  186  18:18  Marauder, Marine, Missile Turret  
  186  18:19  SCV  
  193  18:20  SCV x4  
  197  18:32  Marauder, Marine  
  200  18:38  Barracks, Viking, Missile Turret x2  
  200  18:39  Missile Turret  
  200  18:40  Missile Turret  
  198  18:45  Marauder  
  198  18:57  Marauder  
  172  19:05  Marine  
  172  19:06  Marauder  
  175  19:10  Command Center  
  175  19:15  Medivac x2  
  165  19:17  Marauder, Marine  
  165  19:21  Marauder  
  165  19:23  Orbital Command  
  165  19:24  Marauder, Marine  
  163  19:27  Marauder  
  163  19:29  Medivac x2  
  137  19:35  Liberator, Marine  
  137  19:36  SCV  
  137  19:37  SCV x2  
  144  19:39  Marauder  
  144  19:40  SCV  
  144  19:41  Marine  
  144  19:42  Orbital Command  
  144  19:43  Marauder  
  144  19:44  Medivac  
  144  19:45  Medivac  
  154  19:46  Marauder  
  154  19:48  Marine  
  157  19:56  Marine  
  158  20:00  Marauder  
  158  20:01  Sensor Tower  
  158  20:05  Refinery  
  160  20:10  Missile Turret  
  160  20:12  Marauder, Marine  
  161  20:19  Liberator  
  161  20:21  Marine  
  150  20:26  Marauder  
  147  20:30  Marauder x2  
  147  20:31  Marine  
  151  20:38  Marauder, Marine  
  149  20:48  Marauder  
  149  20:49  Marine  
  111  20:51  Marauder x2  
Tags
 
Add a new tag
Caveats
  • Supply blocks, unpowered buildings, or Contaminate may cause inaccurate times.
  • Supply counts are checked every 10 seconds.